 Dungeon Crawl Stone Soup version 0.31-a0-667-g39726597b9 (webtiles) character file.

Game seed: 16205319743310048583

25680 Bnni the Impaler (level 13, -12/109 HPs)
             Began as a Formicid Fighter on Sept 3, 2023.
             Was an Initiate of Yredelemnul.
             Mangled by an enormous slime creature (60 damage)
             ... on level 14 of the Dungeon.
             The game lasted 00:36:45 (14670 turns).

Bnni the Impaler (Formicid Fighter)                Turns: 14670, Time: 00:36:46

Health: -12/109    AC: 32    Str: 26    XL:     13   Next: 52%
Magic:  21/21      EV:  4    Int:  8    God:    Yredelemnul [......]
Gold:   770        SH:  5    Dex: 13    Spells: 12/12 levels left

rFire   . . .        E - +5 trident (venom)
rCold   . . .        c - +0 buckler
rNeg    . . .        t - +7 crystal plate armour {ponderous}
rPois   .            (helmet unavailable)
rElec   .            q - +0 cloak
rCorr   +            A - +0 pair of gloves
SInv    +            x - +0 pair of boots
Will    +....        (no amulet) Stlth
                     h - ring of resist corrosion
HPRegen 0.38/turn    s - +4 ring of protection
MPRegen 0.17/turn

%: no passive effects
@: mighty, slow
A: permanent stasis, dig shafts and tunnels, antennae 3, four strong arms
a: Dig, Shaft Self, Renounce Religion, Recall Undead Harvest


You were on level 14 of the Dungeon.
You worshipped Yredelemnul.
Yredelemnul was aware of your devotion.
You visited 2 branches of the dungeon, and saw 15 of its levels.
You also visited: Bailey.

You collected 902 gold pieces.
You spent 132 gold pieces at shops.

Inventory:

Hand Weapons
 E - a +5 trident of venom (weapon)
 H - a +0 glaive
Missiles
 e - 46 poisoned darts
 f - 5 darts of dispersal
 m - 3 curare-tipped darts
 G - 4 throwing nets
 M - 5 boomerangs
 N - 3 javelins
Armour
 c - a +0 buckler (worn)
 q - a +0 cloak (worn)
 t - a +7 crystal plate armour of ponderousness (worn)
 x - a +0 pair of boots (worn)
 A - a +0 pair of gloves (worn)
 J - a +3 ring mail of positive energy
Jewellery
 g - a ring of ice
 h - a ring of resist corrosion (left hand)
 j - a ring of positive energy
 s - a +4 ring of protection (right hand)
 w - a ring of protection from cold
 Q - a ring of ice
Wands
 o - a wand of charming (12)
 v - a wand of roots (14)
 L - a wand of digging (4)
 P - a wand of polymorph (8)
Scrolls
 b - a scroll of enchant weapon
 l - 2 scrolls of fear
 n - 4 scrolls of amnesia
 u - a scroll of fog
 y - a scroll of immolation
 B - 3 scrolls of revelation
 F - a scroll of poison
 R - a scroll of vulnerability
Potions
 a - a potion of magic
 i - a potion of brilliance
 k - 5 potions of enlightenment
 p - 3 potions of resistance {unknown}
 r - 4 potions of heal wounds
 z - a potion of ambrosia {unknown}
 C - 3 potions of invisibility {unknown}
 D - a potion of attraction {unknown}
 I - 2 potions of degeneration {unknown}
 K - a potion of mutation {unknown}
 O - a potion of haste {unknown}


   Skills:
 + Level 12.7 Fighting
 * Level 15.8 Polearms
 + Level 5.3 Armour
 - Level 4.0 Shields
 + Level 11.6 Invocations


You had 12 spell levels left.
You didn't know any spells.
Your spell library contained the following spells:

 Spells                   Type           Power      Damage    Failure   Level
 Apportation              Tloc           0%         N/A       100%        1
 Magic Dart               Conj           0%         1d3       100%        1
 Shock                    Conj/Air       0%         1d3       100%        1
 Call Imp                 Summ           0%         N/A       100%        2
 Hailstorm                Conj/Ice       0%         3d3       100%        3
 Ignite Poison            Fire/Tmut/Pois 0%         N/A       100%        3
 Mephitic Cloud           Conj/Pois/Air  0%         N/A       100%        3
 Airstrike                Air            0%         2d(0-16)  100%        4
 Sticky Flame             Conj/Fire      0%         2d3       100%        4
 Summon Ice Beast         Ice/Summ       0%         N/A       100%        4
 Alistair's Intoxication  Tmut/Pois      0%         N/A       100%        5
 Borgnjor's Vile Clutch   Necr/Erth      0%         N/A       100%        5
 Ignition                 Fire           0%         3d3       100%        8
 Swiftness                Air            Unusable   N/A       N/A         3
 Animate Dead             Necr           Unusable   N/A       N/A         4
 Death Channel            Necr           Unusable   N/A       N/A         6
 Simulacrum               Ice/Necr       Unusable   N/A       N/A         6

Dungeon Overview and Level Annotations

Branches:
Dungeon (14/15)            Temple (1/1) D:5            Lair (0/5) D:11
    Orc (0/2) D:12         Bailey (visited)
 Vaults: D:13-14

Altars:
Ashenzari
Cheibriados
Dithmenos
Elyvilon
Fedhas
Gozag
Hepliaklqana
Kikubaaqudgha
Makhleb
Nemelex Xobeh
Okawaru
Qazlal
Ru
Sif Muna
Trog
Uskayaw
Vehumet
Wu Jian
Xom
Yredelemnul
Zin
The Shining One

Shops:
D:3 (   D:7 ?   D:8 =   D:10 (   D:13 [!?

Portals:
Abyss: D:5
Trove: D:10 (give +2 fire dragon scales)

Annotations:
D:5 2 transporters, Necrophagist's ghost, novice TrFi


Innate Abilities, Weirdness & Mutations

You cannot be hasted, slowed, berserked, paralysed or teleported.
You can dig through walls and to a lower floor.
You have a pair of large antennae on your head. (SInv)
Your four strong arms can wield two-handed weapons with a shield.


Message History

Your neqoxec disappears in a puff of smoke!
Your hellwing swoops through the air toward the enormous slime creature!
Your hellwing barely misses the enormous slime creature.
Your hellwing hits the enormous slime creature!
The enormous slime creature attacks as it pursues you!
The enormous slime creature barely misses you.
Your bound kobold demonologist mumbles some strange words.
What are your orders? t - Shout!
Orders for allies: a - Attack new target. p - Attack previous target. r - Retreat! s - Stop attacking. g - Guard the area. f - Follow me.
Anything else - Cancel.
Retreat in which direction?
Press: ? - help, Dir - move target, p - enormous slime creature Fall back!
The enormous slime creature hits you!!!
Ouch! That really hurt!
Unknown command.
You swap places.
The enormous slime creature hits your bound kobold demonologist!!!
Your bound kobold demonologist is destroyed!
Your shadow imp disappears in a puff of smoke!
Your ufetubus disappears in a puff of smoke!
Your hellwing disappears in a puff of smoke!
You feel very mighty all of a sudden.
The enormous slime creature hits you but does no damage.
You feel much better. The enormous slime creature hits you!
You puncture the enormous slime creature!
The enormous slime creature looks as sick as possible!
The enormous slime creature is heavily wounded.
You puncture the enormous slime creature!
The enormous slime creature is heavily wounded.
The enormous slime creature hits you!
You puncture the enormous slime creature!
The enormous slime creature looks as sick as possible!
The enormous slime creature is heavily wounded.
The enormous slime creature hits you!!!
Ouch! That really hurt!
You die...
Your body rises from the dead as a mindless zombie.

{ {##~≈#.#############.#
{##~{~.#. #.# ###...E.#.
#.# #..# ## #.# #..# #.#
#.Z# #.# #..# #.#
#..#####################.#
...).....).....J@........#
...#####################.#
##.# #.# #.# #.# #.# #.#
#J# #.# #.# #.# #.# .# #.#


You could see an enormous slime creature (extremely poisoned).

Vanquished Creatures
  A catoblepas (D:13)
  2 boulder beetles
  4 centaur warriors
  5 two-headed ogres
  4 skeletal warriors (D:12)
  Pikel (D:9)
  2 deep elf pyromancers
  3 ugly things
  A cyclops (D:9)
  A gargoyle (D:12)
  5 kobold demonologists
  2 unseen horrors (D:11)
  2 komodo dragons (D:11)
  A tengu conjurer (D:13)
  2 trolls (D:13)
  A hornet (D:7)
  Sigmund (D:2)
  2 wyverns
  4 slime creatures
  A water elemental (D:14)
  2 wraiths
  A basilisk (D:11)
  10 yaks
  A redback (shapeshifter) (D:13)
  6 vampire mosquitoes (D:12)
  2 acid dragons
  A water moccasin (D:5)
  A black bear (D:5)
  An ice beast (D:7)
  3 wolves (Bailey)
  14 centaurs
  A lemure (D:9)
  A phantom (Temple)
  5 kobold brigands
  8 gnoll sergeants
  2 bullfrogs
  3 scorpions
  6 killer bees
  A lava snake (D:11)
  5 gnoll boudas (Bailey)
  3 hounds
  3 orc priests
  2 sleepcaps
  6 iguanas
  Natasha (thrice) (D:2)
  6 orc wizards
  15 gnolls
  6 adders
  3 white imps
  An ufetubus (D:5)
  2 worms
  3 dart slugs
  20 orcs
  6 ball pythons
  A bat (D:2)
  A bat zombie (D:4)
  6 endoplasms
  3 giant cockroaches
  11 goblins
  2 hobgoblins
  2 jackals (D:2)
  3 quokkas
  3 frilled lizards
  12 kobolds
  5 rats (D:3)
  A rat zombie (D:4)
248 creatures vanquished.

Vanquished Creatures (collateral kills)
  A gargoyle (D:11)
  A kobold demonologist (D:11)
  A komodo dragon (D:11)
  A vampire (D:10)
  A yak (D:10)
  A wolf (Bailey)
  A kobold brigand (D:12)
  2 gnoll sergeants
  3 killer bees
  An orc wizard (D:10)
  6 gnolls
  A white imp (D:6)
  An orc (D:10)
  6 kobolds
  A butterfly (D:8)
28 creatures vanquished.

Vanquished Creatures (others)
  An ugly thing zombie (D:12)
  A two-headed ogre zombie (D:11)
  A spectral kobold (D:14)
  2 wolf zombies (Bailey)
  3 centaur zombies (D:13)
  7 kobold zombies
  4 killer bee zombies
  A hound zombie (Bailey)
  2 gnolls
  A spectral white imp (D:7)
  8 gnoll zombies (Bailey)
  3 orc zombies
34 creatures vanquished.

Grand Total: 310 creatures vanquished

Notes
Turn   | Place    | Note
-------+----------+-------------------------------------------
     0 | D:1      | Bnni the Formicid Fighter began the quest for the Orb.
     0 | D:1      | Reached XP level 1. HP: 18/18 MP: 1/1
   123 | D:1      | Reached XP level 2. HP: 12/24 MP: 2/2
   787 | D:2      | Reached XP level 3. HP: 30/30 MP: 3/3
   810 | D:2      | Reached skill level 3 in Polearms
   963 | D:2      | Found a sparkling altar of Nemelex Xobeh.
  1021 | D:2      | Noticed Natasha
  1025 | D:2      | Killed Natasha
  1026 | D:2      | Reached XP level 4. HP: 37/37 MP: 4/4
  1044 | D:2      | Noticed Natasha
  1054 | D:2      | Killed Natasha
  1158 | D:2      | Noticed Natasha
  1162 | D:2      | Killed Natasha
  1163 | D:2      | Reached skill level 4 in Polearms
  1163 | D:2      | Reached XP level 5. HP: 38/43 MP: 5/5
  1211 | D:2      | Noticed Sigmund
  1244 | D:2      | Killed Sigmund
  1245 | D:2      | Reached skill level 5 in Fighting
  1245 | D:2      | Reached skill level 5 in Polearms
  1245 | D:2      | Reached XP level 6. HP: 23/51 MP: 6/6
  1889 | D:3      | Found Pahiwuufow's Weapon Boutique.
  2537 | D:4      | Found an ancient bone altar of Kikubaaqudgha.
  2912 | D:4      | Found a hide-covered altar of Uskayaw.
  3006 | D:5      | Entered Level 5 of the Dungeon
  3041 | D:5      | Found a transporter.
  3048 | D:5      | Reached XP level 7. HP: 52/56 MP: 7/7
  3083 | D:5      | Noticed an ancient zyme
  3125 | D:5      | Noticed a water moccasin
  3144 | D:5      | Killed a water moccasin
  3145 | D:5      | Reached skill level 6 in Polearms
  3469 | D:5      | Found a transporter.
  3665 | D:5      | Found a one-way gate to the infinite horrors of the Abyss.
  3665 | D:5      | Noticed Necrophagist's ghost (novice TrFi)
  3743 | D:5      | Reached skill level 7 in Polearms
  3743 | D:5      | Reached XP level 8. HP: 51/64 MP: 8/8
  3849 | D:5      | Found a staircase to the Ecumenical Temple.
  3869 | Temple   | Entered the Ecumenical Temple
  3912 | Temple   | Became a worshipper of Yredelemnul the Dark
  3973 | D:5      | Reached * piety under Yredelemnul
  4414 | D:6      | Reached skill level 8 in Polearms
  5017 | D:7      | Found a radiant altar of Vehumet.
  5019 | D:7      | Found a sacrificial altar of Ru.
  5077 | D:7      | Noticed a hornet
  5082 | D:7      | Killed a hornet
  5083 | D:7      | Reached skill level 1 in Invocations
  5083 | D:7      | Reached XP level 9. HP: 63/72 MP: 8/10
  5143 | D:7      | Found a broken altar of Ashenzari.
  5245 | D:7      | Found Qigufyiv's Magic Scroll Shop.
  5264 | D:7      | Bought a scroll of identify for 26 gold pieces
  5264 | D:7      | Bought a scroll of identify for 26 gold pieces
  5264 | D:7      | Bought a scroll of identify for 26 gold pieces
  5264 | D:7      | Bought a scroll of identify for 26 gold pieces
  5341 | D:7      | Reached skill level 9 in Polearms
  5453 | D:7      | Found a hazy altar of Hepliaklqana.
  5703 | D:8      | Found Oholut's Jewellery Emporium.
  5790 | D:8      | Reached skill level 10 in Polearms
  5912 | D:8      | Found a bloodstained altar of Trog.
  5954 | D:8      | Found a flagged portal.
  5964 | D:8      | Reached ** piety under Yredelemnul
  5976 | Bailey   | Entered a bailey
  6197 | Bailey   | Reached XP level 10. HP: 71/82 MP: 13/13
  6513 | Bailey   | Reached skill level 5 in Invocations
  6829 | Bailey   | Reached skill level 11 in Polearms
  6842 | Bailey   | Identified the scarf "Vucoidee" {harm, rPois rC- Str+3
                  | Int+3}
  6958 | D:8      | Noticed a two-headed ogre
  6977 | D:8      | Killed a two-headed ogre
  7127 | D:8      | Found a shimmering altar of Xom.
  7356 | D:9      | Noticed Pikel
  7372 | D:9      | Killed Pikel
  7477 | D:9      | Found a glowing silver altar of Zin.
  7778 | D:9      | Noticed a deep elf pyromancer
  7782 | D:9      | Killed a deep elf pyromancer
  7972 | D:9      | Found an iron altar of Okawaru.
  8035 | D:9      | Noticed a cyclops
  8041 | D:9      | Killed a cyclops
  8042 | D:9      | Reached skill level 12 in Polearms
  8042 | D:9      | Reached XP level 11. HP: 36/90 MP: 16/16
  8358 | D:10     | Entered Level 10 of the Dungeon
  8375 | D:10     | Found a portal to a secret trove of treasure.
  8495 | D:10     | Noticed a two-headed ogre
  8506 | D:10     | Reached skill level 10 in Fighting
  8512 | D:10     | Killed a two-headed ogre
  8602 | D:10     | Found Vevuph's Weapon Shoppe.
  8752 | D:10     | Reached *** piety under Yredelemnul
  9453 | D:10     | Found a stormy altar of Qazlal.
  9483 | D:11     | Noticed a two-headed ogre
  9488 | D:11     | Killed a two-headed ogre
  9489 | D:11     | Reached skill level 13 in Polearms
 10022 | D:11     | Noticed a green ugly thing
 10033 | D:11     | Killed a green ugly thing
 10051 | D:11     | Noticed a two-headed ogre
 10058 | D:11     | Killed a two-headed ogre
 10085 | D:11     | Reached **** piety under Yredelemnul
 10086 | D:11     | Reached XP level 12. HP: 79/100 MP: 18/18
 10169 | D:11     | Reached ***** piety under Yredelemnul
 10553 | D:11     | Found a staircase to the Lair.
 10826 | D:11     | Reached skill level 14 in Polearms
 11059 | D:12     | Noticed a two-headed ogre
 11070 | D:12     | Killed a two-headed ogre
 11439 | D:12     | Noticed a skeletal warrior
 11439 | D:12     | Noticed a skeletal warrior
 11439 | D:12     | Noticed a skeletal warrior
 11439 | D:12     | Noticed a skeletal warrior
 11446 | D:12     | Killed a skeletal warrior
 11447 | D:12     | Reached skill level 10 in Invocations
 11462 | D:12     | Killed a skeletal warrior
 11474 | D:12     | Killed a skeletal warrior
 11492 | D:12     | Killed a skeletal warrior
 11698 | D:12     | Noticed a sixfirhy
 12363 | D:12     | Reached skill level 15 in Polearms
 12376 | D:12     | Reached XP level 13. HP: 96/108 MP: 21/21
 12492 | D:12     | Found a staircase to the Orcish Mines.
 12957 | D:13     | Found Qahiudav's Magic Scroll Shop.
 12960 | D:13     | Bought a scroll of identify for 28 gold pieces
 13087 | D:13     | Noticed a centaur warrior
 13102 | D:13     | Killed a centaur warrior
 13320 | D:13     | Found Tyxiuc's Armour Boutique.
 13346 | D:13     | Noticed a catoblepas
 13363 | D:13     | Killed a catoblepas
 13448 | D:13     | Noticed a centaur warrior
 13455 | D:13     | Killed a centaur warrior
 13759 | D:13     | Noticed a centaur warrior
 13772 | D:13     | Killed a centaur warrior
 13773 | D:13     | Reached skill level 5 in Armour
 13778 | D:13     | Reached ****** piety under Yredelemnul
 13931 | D:13     | Found Ischoelo's Distillery.
 14305 | D:14     | Noticed a centaur warrior
 14318 | D:14     | Killed a centaur warrior
 14670 | D:14     | Mangled by an enormous slime creature

Illustrated notes

Levels and vault maps discovered:
D:1:      tarquinn_simple_flora_water_a, layout_basic
D:2:      layout_basic, basic_altar, fountainhead,
          nicolae_concentric_dashed_squares_wild, uniq_natasha, uniq_sigmund
D:3:      layout_loops_corners, serial_shops, nicolae_shop_tiny_waterfront
D:4:      layout_cave_pools, mainiacjoe_overflow_24_doors,
          lemuel_zombie_altar_kikubaaqudgha
D:5:      layout_loops_ring, minmay_temple_entry_waves,
          gammafunk_ghost_abyssal_escape, serial_glass, glass_columns_a,
          glass_columns_b, glass_columns_c, glass_columns_a, glass_columns_a,
          glass_columns_c, item_on_display_a, item_on_display_a,
          item_on_display_a, minmay_strange_pillars
D:6:      layout_cave_pools
D:7:      layout_basic, nzn_hepliaklqana_mist_gate, evilmike_ruin_ashenzari,
          minitemple, serial_shops, nicolae_stop_n_shop_2
D:8:      layout_loops_ring, mainiacjoe_overflow_chevrons, xom_butterflies,
          serial_shops, nicolae_shop_tiny_waterfront, enter_bailey_5
D:9:      layout_basic, zin_academy, okawaru_trees_1, uniq_pikel
D:10:     layout_loops_ring, mainiacjoe_overflow_alcove_4, serial_shops,
          nicolae_shop_bloodbath_and_beyond, nicolae_trove_entry_columns
D:11:     layout_irregular_city, erik_lair_dragon, minmay_tree_intersection,
          dreamdust_deal_with_the_devil, kennysheep_generic_room_16
D:12:     layout_basic, orc_0_dummy
D:13:     layout_loops_ring, serial_shops, shop,
          nicolae_shop_just_a_little_nook, shop
D:14:     layout_long_grid, hellmonk_vaults_keyhole, minmay_misc_feat_enclosed,
          elves_outpost_lemuel, uniq_snorg
Temple:   bh_familiar_temple

Skill      XL: |  1  2  3  4  5  6  7  8  9 10 11 12 13 |
---------------+----------------------------------------+-----
Polearms       | 3 4 5 7 8 10 12 13 15 | 15.8
Fighting       | 4 5 6 7 8 9 11 12 | 12.7
Invocations    | 1 4 7 9 10 11 | 11.6
Armour         | 5 |  5.3
Shields        | |  4.0

Action                     |  1- 3 |  4- 6 |  7- 9 | 10-12 | 13-15 || total
---------------------------+-------+-------+-------+-------+-------++-------
  Melee: Trident           |    79 |    33 |       |   145 |   148 ||   405
         Halberd           |       |    87 |   274 |    21 |       ||   382
         Glaive            |       |       |       |   279 |       ||   279
  Throw: Dart              |       |     3 |     6 |     9 |     2 ||    20
         Throwing net      |       |       |       |     3 |       ||     3
 Invoke: Recall Undead Har |       |       |     1 |     8 |     4 ||    13
         Dark Bargain      |       |       |       |     2 |       ||     2
         Bind Soul         |       |       |       |     1 |       ||     1
Ability: Dig               |       |       |     4 |     1 |       ||     5
  Evoke: Wand              |       |       |     2 |     3 |       ||     5
    Use: Scroll            |       |       |    15 |       |     1 ||    16
         Potion            |       |       |     1 |     2 |     2 ||     5
   Stab: Distracted        |       |       |     1 |     6 |       ||     7
         Held in net/web   |       |       |       |     1 |       ||     1
 Armour: Scale mail        |    32 |    44 |       |       |       ||    76
         Chain mail        |       |    12 |   186 |    65 |       ||   263
         Ring mail         |       |       |       |   152 |       ||   152
         Crystal plate arm |       |       |       |   194 |   131 ||   325
  Dodge: Dodged            |    19 |    36 |    76 |   125 |    25 ||   281
  Block: Buckler           |    14 |    15 |    59 |    94 |    24 ||   206

Table legend: (Time is in decaauts)
 A = Elapsed time spent in this place.
 B = Non-inter-level travel time spent in this place.
 C = Inter-level travel time spent in this place.
 D = Time resting spent in this place.
 E = Time spent auto-exploring this place.
 F = Levels seen in this place.
 G = Mean time per level.
                   A        B        C        D        E       F      G
               +--------+--------+--------+--------+--------+-----+--------+
         Total |  14829 |  14294 |    535 |   3093 |   8442 |  16 |  926.8 |
       Dungeon |  13807 |  13329 |    478 |   2585 |   8391 |  14 |  986.2 |
        Temple |     74 |     17 |     57 |      0 |      0 |   1 |   74.0 |
        Bailey |    947 |    947 |      0 |    508 |     51 |   1 |  947.0 |
               +--------+--------+--------+--------+--------+-----+--------+

Top non-repeatable levels by time:
    D:13: 1750 daAuts
    D:11: 1626 daAuts
    D:12: 1465 daAuts
     D:5: 1218 daAuts
    D:10: 1131 daAuts
     D:9: 1020 daAuts
  Bailey: 947 daAuts
     D:3: 877 daAuts
     D:2: 865 daAuts
     D:8: 778 daAuts
     D:1: 767 daAuts
     D:7: 731 daAuts
     D:6: 628 daAuts
     D:4: 535 daAuts
    D:14: 409 daAuts
